 Dungeon Crawl Stone Soup version 0.29.1-1-gd02db69 (webtiles) character file.

Game seed: 14637488020590888160

3919 Sixotanaka the Brawler (level 10, -9/73 HPs)
             Began as a Ghoul Brigand on Oct 26, 2022.
             Was a Follower of Cheibriados.
             Mangled by a komodo dragon (21 damage)
             ... on level 8 of the Dungeon.
             The game lasted 00:18:24 (9182 turns).

Sixotanaka the Brawler (Ghoul Brigand)              Turns: 9182, Time: 00:18:24

Health: -9/73      AC:  8    Str: 23    XL:     10   Next: 20%
Magic:  10/10      EV: 10    Int:  9    God:    Cheibriados [*.....]
Gold:   408        SH:  0    Dex: 13    Spells: 9/9 levels left

rFire   . . .      SeeInvis +     - Unarmed
rCold   + . .      Faith    .   (no shield)
rNeg    + + +      Spirit   .   v - +0 ring mail
rPois   ∞          Reflect  .   j - +0 helmet
rElec   .          Harm     .   c - +0 cloak
rCorr   .          Rampage  .   (no gloves)
Will    .....                   h - +0 pair of boots
Stlth   ++........              (no amulet)
HPRegen 0.00/turn               l - ring of see invisible
MPRegen 0.12/turn               (no ring)

@: inhibited regen, studying Translocations, very slow
A: claws 1, cold resistance 1, negative energy resistance 3, inhibited
regeneration, torment resistance 2, devour on kill
a: Renounce Religion, Bend Time


You were on level 8 of the Dungeon.
You worshipped Cheibriados.
Cheibriados was aware of your devotion.
You visited 2 branches of the dungeon, and saw 9 of its levels.

You collected 557 gold pieces.
You spent 149 gold pieces at shops.

Inventory:

Missiles
 d - 9 poisoned darts (quivered)
 e - 3 curare-tipped darts
 y - a throwing net
Armour
 c - a +0 cloak (worn)
 h - a +0 pair of boots (worn)
 j - a +0 helmet (worn)
 v - a +0 ring mail (worn)
 w - the +1 leather armour of Circular Logic {rC++ Will- Dex+3}
   (You found it on level 5 of the Dungeon)

   Dex:       It affects your dexterity (+3).
   rC:        It greatly protects you from cold.
   Will:      It decreases your willpower.
 x - the +0 cloak of the Everdark {Str-5 Dex+4 Slay+3}
   (You found it on level 5 of the Dungeon)

   Str:       It affects your strength (-5).
   Dex:       It affects your dexterity (+4).
   Slay:      It affects your accuracy & damage with ranged weapons and melee
   (+3).
Jewellery
 l - a ring of see invisible (left claw)
Wands
 f - a wand of digging (4)
Scrolls
 b - 2 scrolls of fog
 n - 4 scrolls of poison
 p - a scroll of brand weapon {unknown}
 q - a scroll of amnesia {unknown}
 r - a scroll of enchant armour {unknown}
 s - 4 scrolls of teleportation
 t - 2 scrolls of vulnerability {unknown}
 A - a scroll of silence {unknown}
Potions
 a - a potion of cancellation
 g - 4 potions of curing
 i - a potion of flight {unknown}
 k - 2 potions of ambrosia
 m - a potion of magic {unknown}
 o - 2 potions of haste {unknown}
 u - 2 potions of lignification
 z - a potion of might {unknown}


   Skills:
 - Level 2.1 Fighting
 - Level 1.7 Short Blades
 - Level 1.7 Throwing
 - Level 0.8 Dodging
 - Level 4.3 Stealth
 + Level 15.1 Unarmed Combat
 + Level 2.3 Invocations


You had 9 spell levels left.
You didn't know any spells.
Your spell library contained the following spells:

 Spells                   Type           Power      Damage    Failure   Level
 Sandblast                Erth           0%         2d4       54%         1
 Summon Small Mammal      Summ           0%         N/A       54%         1
 Passwall                 Tmut/Erth      0%         N/A       69%         2
 Static Discharge         Conj/Air       0%         3-3/arc   69%         2
 Call Canine Familiar     Summ           0%         N/A       89%         3
 Stone Arrow              Conj/Erth      0%         3d7       89%         3
 Summon Guardian Golem    Hex/Summ       0%         N/A       89%         3
 Corpse Rot               Necr/Pois/Air  0%         N/A       100%        4
 Dispel Undead            Necr           0%         3d6       100%        4
 Lightning Bolt           Conj/Air       0%         1d11      100%        5
 Death Channel            Necr           0%         N/A       100%        6
 Maxwell's Capacitive Co  Air            0%         ∞         100%        8


Dungeon Overview and Level Annotations

Branches:
Dungeon (8/15)             Temple (1/1) D:7
   Lair: D:8-11

Altars:
Cheibriados
Dithmenos
Gozag
Kikubaaqudgha
Makhleb
Nemelex Xobeh
Okawaru
Sif Muna
Trog
Wu Jian

Shops:
D:5 ?

Annotations:
D:3 exclusion: door
D:6 exclusion: 2 doors


Innate Abilities, Weirdness & Mutations

You are immune to poison.
You have sharp fingernails.
Your flesh is cold resistant. (rC+)
You are immune to negative energy. (rN+++)
You do not regenerate when monsters are visible.
You are immune to unholy pain and torment.
You thrive by killing the living.


Message History

A komodo dragon comes into view.
The komodo dragon hisses angrily.
The wyvern bites you but does no damage.
The komodo dragon hisses angrily.
You claw the wyvern!
The wyvern is moderately wounded.
The wyvern bites you but does no damage.
You barely miss the wyvern.
The wyvern is moderately wounded.
The wyvern bites you!
The komodo dragon hisses menacingly.
You scratch the wyvern.
The wyvern is heavily wounded.
The wyvern bites you.
You scratch the wyvern but do no damage.
Your claw misses the wyvern.
The wyvern is heavily wounded.
The wyvern bites you but does no damage.
The komodo dragon barely misses you.
The komodo dragon bites you but does no damage.
You claw the wyvern!
You kill the wyvern!
Cheibriados appreciates the change of pace.
You feel better. The komodo dragon bites you!!
The komodo dragon bites you but does no damage.
Your Invocations skill increases to level 2!
You scratch the komodo dragon. You claw the komodo dragon!
The komodo dragon is moderately wounded.
The komodo dragon bites you! The komodo dragon bites you!!
* * * LOW HITPOINT WARNING * * *
Unknown command.
Okay, then.
Okay, then.
Okay, then.
You feel better. The komodo dragon barely misses you.
The komodo dragon closely misses you.
You feel better.
The komodo dragon completely misses you.
The komodo dragon bites you!!
You die...

### ## #######[##.#
#
##.........###.#..#
##....###....@†...#
####..####
#....ll......
#...###
########..... .####
#... #.# .. ### .
##


You could see 2 komodo dragons.

Vanquished Creatures
  Erica (D:8)
  An unseen horror (D:6)
  2 wyverns (D:8)
  A vampire mosquito (D:6)
  Menkaure (D:4)
  A water moccasin (D:6)
  2 ice beasts
  An orc warrior (D:7)
  An ogre (D:6)
  2 black bears
  3 centaurs
  A phantom (D:6)
  4 scorpions
  2 bullfrogs
  A gnoll sergeant (D:6)
  2 necrophages
  5 killer bees
  A howler monkey (D:8)
  3 electric eels (D:6)
  A hound (D:4)
  A gnoll bouda (D:7)
  A jelly (D:7)
  An orc priest (D:5)
  An iguana (D:7)
  5 orc wizards
  12 adders
  14 gnolls
  A shadow imp (D:8)
  A white imp (D:7)
  4 dart slugs
  21 orcs
  9 ball pythons
  9 endoplasms
  2 giant cockroaches
  5 hobgoblins
  2 jackals (D:4)
  7 quokkas
  A bat (D:1)
  2 frilled lizards
  13 goblins
  9 kobolds
  6 rats
163 creatures vanquished.

Vanquished Creatures (others)
  35 plants
35 creatures vanquished.

Grand Total: 198 creatures vanquished

Notes
Turn   | Place    | Note
-------+----------+-------------------------------------------
     0 | D:1      | Sixotanaka the Ghoul Brigand began the quest for the Orb.
     0 | D:1      | Reached XP level 1. HP: 17/17 MP: 0/0
   139 | D:1      | Reached skill level 1 in Unarmed Combat
   262 | D:1      | Reached XP level 2. HP: 24/24 MP: 1/1
   308 | D:1      | Reached skill level 2 in Unarmed Combat
   790 | D:1      | Reached XP level 3. HP: 29/29 MP: 2/2
   860 | D:1      | Found a faded altar of an unknown god.
   865 | D:1      | Reached skill level 3 in Unarmed Combat
  1514 | D:2      | Reached XP level 4. HP: 36/36 MP: 3/3
  1941 | D:2      | Identified a scroll of acquirement
  1943 | D:2      | Acquired a manual of Translocations
  1986 | D:2      | Reached skill level 4 in Unarmed Combat
  2338 | D:3      | Reached XP level 5. HP: 33/41 MP: 4/4
  2463 | D:3      | Reached skill level 5 in Unarmed Combat
  2748 | D:3      | Found a shimmering blue altar of Sif Muna.
  2925 | D:4      | Noticed Menkaure
  2938 | D:4      | Killed Menkaure
  2939 | D:4      | Reached skill level 6 in Unarmed Combat
  2939 | D:4      | Reached XP level 6. HP: 23/48 MP: 5/5
  3340 | D:4      | Reached skill level 7 in Unarmed Combat
  3419 | D:4      | Noticed a black bear
  3518 | D:5      | Entered Level 5 of the Dungeon
  3591 | D:5      | Found Enlaucac's Magic Scroll Boutique.
  3597 | D:5      | Bought a scroll of blinking for 97 gold pieces
  3707 | D:5      | Noticed a black bear
  4015 | D:5      | Bought a scroll of identify for 26 gold pieces
  4015 | D:5      | Bought a scroll of identify for 26 gold pieces
  4089 | D:5      | Found an ornate altar of the Wu Jian Council.
  4237 | D:5      | Reached XP level 7. HP: 43/55 MP: 6/6
  4319 | D:5      | Identified the +1 leather armour of Circular Logic {rC++
                  | Will- Dex+3}
  4412 | D:5      | Reached skill level 8 in Unarmed Combat
  4461 | D:5      | Identified the +0 cloak of the Everdark {Str-5 Dex+4
                  | Slay+3}
  4891 | D:6      | Reached skill level 9 in Unarmed Combat
  5348 | D:6      | Reached XP level 8. HP: 61/61 MP: 7/7
  5634 | D:6      | Reached skill level 10 in Unarmed Combat
  6458 | D:6      | Reached skill level 11 in Unarmed Combat
  6985 | D:6      | Reached skill level 12 in Unarmed Combat
  6985 | D:6      | Reached XP level 9. HP: 51/67 MP: 8/8
  7062 | D:6      | Noticed a four-headed hydra
  7299 | D:6      | Killed an unseen horror
  7829 | D:7      | Found a staircase to the Ecumenical Temple.
  7829 | D:7      | Identified the +2 robe of Poor Excuses {rF- rCorr Int+2}
  7838 | Temple   | Entered the Ecumenical Temple
  7873 | Temple   | Became a worshipper of Cheibriados the Contemplative
  7909 | D:7      | Reached skill level 13 in Unarmed Combat
  7950 | D:7      | Found a burning altar of Makhleb.
  8117 | D:7      | Reached * piety under Cheibriados
  8362 | D:7      | Found a sparkling altar of Nemelex Xobeh.
  8544 | D:8      | Noticed Erica
  8554 | D:8      | Killed Erica
  8555 | D:8      | Reached skill level 14 in Unarmed Combat
  8555 | D:8      | Reached XP level 10. HP: 73/73 MP: 9/9
  8601 | D:8      | Found an iron altar of Okawaru.
  8883 | D:8      | Reached skill level 15 in Unarmed Combat
  8883 | D:8      | Reached skill level 1 in Invocations
  9180 | D:8      | HP: 1/73 [komodo dragon (22)]
  9182 | D:8      | Mangled by a komodo dragon

Illustrated notes

Levels and vault maps discovered:
D:1:      dpeg_arrival_three_same_balls, layout_loops_ring,
          hellmonk_ecumenical_altar_inner_sanctum
D:2:      minmay_angry_zag, layout_basic, ebering_dispersal_statue_hall
D:3:      layout_rooms, led_sif_book
D:4:      layout_gridville, corexii_item_surrounded_by_moat, uniq_menkaure
D:5:      layout_basic, lemuel_coloured_pillars_altar, serial_shops, shop
D:6:      minmay_chambers_of_sixes, layout_basic, tgw_xom, serial_bayou_lake_a
D:7:      minmay_evil_eye, layout_basic, mainiacjoe_overflow_alcove_2,
          amcnicky_altar_gilded, minmay_temple_entry_gardened_gates
D:8:      layout_loops_cross, mainiacjoe_overflow_concentric_impassable,
          erik_lair_dragon, lightli_bailey_entry_fortress, serial_bayou_ford_a,
          uniq_erica
Temple:   nicolae_temple_bog_church

Skill      XL: |  1  2  3  4  5  6  7  8  9 10 |
---------------+-------------------------------+-----
Unarmed Combat | 1 2 3 4 6 7 9 12 14 15 | 15.1
Invocations    | 2 |  2.3
Fighting       | |  2.1
Short Blades   | |  1.7
Throwing       | |  1.7
Dodging        | |  0.8
Stealth        | |  4.3

Action                   |  1- 3 |  4- 6 |  7- 9 | 10-12 || total
-------------------------+-------+-------+-------+-------++-------
Melee: Dagger            |    23 |       |       |       ||    23
       Unarmed           |    94 |   209 |   226 |    50 ||   579
       Punch             |     1 |     4 |     5 |     4 ||    14
Throw: Dart              |       |       |    13 |       ||    13
  Use: Scroll            |       |    10 |     3 |     1 ||    14
       Potion            |       |     3 |     1 |     2 ||     6
 Stab: Sleeping          |     6 |     4 |     2 |     1 ||    13
       Invisible         |       |       |     1 |       ||     1
Armor: Robe              |    32 |       |       |       ||    32
       Leather armour    |    11 |    64 |    50 |       ||   125
       Ring mail         |       |       |    17 |    20 ||    37
Dodge: Dodged            |    54 |    88 |    90 |    35 ||   267
